BSA
NEW YORK KNIGHTS @ POCATELLO BELLAS
07/29/2029
 
TOP OF THE 1ST
New York Knights batting - Pitching for Pocatello Bellas : RHP Paco Canpos
Pitching: RHP Paco Canpos
Batting: LHB Mike Harris 0-0: Ground out 4-3 (Groundball, 4)
Batting: RHB Pepe Carrasco 0-0: Ball
1-0: Foul Ball, location: 2F
1-1: Foul Ball, location: 2F
1-2: Strikes out looking
Batting: RHB Lonnie Anderson 0-0: Called Strike
0-1: Called Strike
0-2: Ball
1-2: Ball
2-2: Strikes out looking
Top of the 1st over - 0 runs, 0 hits, 0 errors, 0 left on base; New York 0 - Pocatello 0
BOTTOM OF THE 1ST
Pocatello Bellas batting - Pitching for New York Knights : RHP Sancho Mendoza
Pitching: RHP Sancho Mendoza
Batting: RHB Francisco Ibarra 0-0: SINGLE (Line Drive, 7LM)
Batting: LHB Keith Beard 0-0: Called Strike
0-1: Foul Ball, location: 2F
0-2: Foul Ball, location: 2F
0-2: SINGLE (Groundball, 4MD)
Francisco Ibarra to second
Runner from 2nd tries for 3rd, SAFE, no throw
Batting: SHB Shane Hutchinson 0-0: Ball
1-0: Foul Ball, location: 2F
1-1: 3-RUN HOME RUN (Flyball, 89XD), Distance : 458 ft
Batting: RHB Marlon Phipps 0-0: Called Strike
0-1: Ground out 5-3 (Groundball, 56)
Batting: RHB Tomás Carranza 0-0: Called Strike
0-1: Foul Ball, location: 2F
0-2: Ball
1-2: Ground out 6-3 (Groundball, 56)
Batting: SHB Nick Cox 0-0: Called Strike
0-1: Foul Ball, location: 2F
0-2: SINGLE (Flyball, 9LS)
Batting: RHB José Delgado 0-0: Ball
1-0: Ground out 4-3 (Groundball, 4M)
Bottom of the 1st over - 3 runs, 4 hits, 0 errors, 1 left on base; New York 0 - Pocatello 3
TOP OF THE 2ND
New York Knights batting - Pitching for Pocatello Bellas : RHP Paco Canpos
Batting: RHB Vic Langlois 0-0: Ball
1-0: Ball
2-0: Foul Ball, location: 2F
2-1: Called Strike
2-2: Ground out 1-3 (Groundball, 13S)
Batting: LHB Warren Potter 0-0: Ball
1-0: Foul Ball, location: 2F
1-1: Foul Ball, location: 2F
1-2: Ground out 4-3 (Groundball, 34)
Batting: SHB Marvin Harris 0-0: Ground out 6-3 (Groundball, 6S)
Top of the 2nd over - 0 runs, 0 hits, 0 errors, 0 left on base; New York 0 - Pocatello 3
BOTTOM OF THE 2ND
Pocatello Bellas batting - Pitching for New York Knights : RHP Sancho Mendoza
Batting: RHB Morgan Gibbon 0-0: Ball
1-0: Ball
2-0: Foul Ball, location: 2F
2-1: Fly out, F9 (Flyball, 9LM)
Batting: LHB Keng-chi Lao 0-0: Ball
1-0: Foul Ball, location: 2F
1-1: Ground out 4-3 (Groundball, 4)
Batting: RHB Francisco Ibarra 0-0: Ball
1-0: Called Strike
1-1: Ball
2-1: Swinging Strike
2-2: Ground out 6-3 (Groundball, 6)
Bottom of the 2nd over - 0 runs, 0 hits, 0 errors, 0 left on base; New York 0 - Pocatello 3
TOP OF THE 3RD
New York Knights batting - Pitching for Pocatello Bellas : RHP Paco Canpos
Batting: RHB Felipe Rodríguez 0-0: Swinging Strike
0-1: Called Strike
0-2: Ball
1-2: Ball
2-2: SINGLE (Groundball, 56D)
Batting: RHB Steve Sampson 0-0: Fly out, F9 (Flyball, 9)
Batting: RHB Jacob Pope 0-0: Called Strike
0-1: Ball
1-1: Grounds into double play, 4-6-3 (Groundball, 4)
Top of the 3rd over - 0 runs, 1 hit, 0 errors, 0 left on base; New York 0 - Pocatello 3
BOTTOM OF THE 3RD
Pocatello Bellas batting - Pitching for New York Knights : RHP Sancho Mendoza
Batting: LHB Keith Beard 0-0: Ball
1-0: Ball
2-0: Foul Ball, location: 2F
2-1: Fly out, F9 (Line Drive, 9S)
Batting: SHB Shane Hutchinson 0-0: Ball
1-0: Called Strike
1-1: Foul Ball, location: 2F
1-2: Ball
2-2: Foul Ball, location: 2F
2-2: Ground out 4-3 (Groundball, 4M)
Batting: RHB Marlon Phipps 0-0: Fly out, F8 (Flyball, 8LS)
Bottom of the 3rd over - 0 runs, 0 hits, 0 errors, 0 left on base; New York 0 - Pocatello 3
TOP OF THE 4TH
New York Knights batting - Pitching for Pocatello Bellas : RHP Paco Canpos
Batting: LHB Mike Harris 0-0: Ball
1-0: Swinging Strike
1-1: Ground out 3-1 (Groundball, 34)
Pitching: RHP José Salinas
Batting: RHB Pepe Carrasco 0-0: SINGLE (Line Drive, 4D)
Batting: RHB Lonnie Anderson 0-0: Ball
1-0: Called Strike
1-1: Foul Ball, location: 2F
1-2: Ball
2-2: 2-RUN HOME RUN (Flyball, 7LD), Distance : 360 ft
Batting: RHB Vic Langlois 0-0: Called Strike
0-1: Ground out 6-3 (Groundball, 6)
Batting: LHB Warren Potter 0-0: Called Strike
0-1: Swinging Strike
0-2: Ball
1-2: Ball
2-2: Foul Ball, location: 2F
2-2: Foul Ball, location: 2F
2-2: Foul Ball, location: 2F
2-2: Strikes out swinging
Top of the 4th over - 2 runs, 2 hits, 0 errors, 0 left on base; New York 2 - Pocatello 3
BOTTOM OF THE 4TH
Pocatello Bellas batting - Pitching for New York Knights : RHP Sancho Mendoza
Batting: RHB Tomás Carranza 0-0: Called Strike
0-1: Ball
1-1: Ball
2-1: SINGLE (Groundball, 6MS) (infield hit)
Batting: SHB Nick Cox 0-0: Ball
1-0: Grounds into double play, 4-6-3 (Groundball, 4)
Batting: RHB José Delgado 0-0: SINGLE (Groundball, 15) (infield hit)
Batting: RHB Morgan Gibbon 0-0: Swinging Strike
0-1: SINGLE (Groundball, 3D)
José Delgado to second
Runner from 2nd tries for 3rd, OUT!
Bottom of the 4th over - 0 runs, 3 hits, 0 errors, 1 left on base; New York 2 - Pocatello 3
TOP OF THE 5TH
New York Knights batting - Pitching for Pocatello Bellas : RHP José Salinas
Batting: SHB Marvin Harris 0-0: Ball
1-0: Fly out, F9 (Flyball, 89D)
Batting: RHB Felipe Rodríguez 0-0: Called Strike
0-1: Swinging Strike
0-2: Ball
1-2: Ball
2-2: Ball
3-2: Foul Ball, location: 2F
3-2: Foul Ball, location: 2F
3-2: SINGLE (Line Drive, 6MD)
Batting: RHB Steve Sampson 0-0: Swinging Strike
0-1: Called Strike
0-2: Ball
1-2: Foul Ball, location: 2F
1-2: Strikes out swinging
Batting: RHB Jacob Pope 0-0: Called Strike
0-1: Ball
1-1: DOUBLE (Groundball, 5L)
Felipe Rodríguez to third
Runner from 3rd tries for Home, SAFE, no throw
Batting: LHB Mike Harris 0-0: Ground out 4-3 (Groundball, 4M)
Top of the 5th over - 1 run, 2 hits, 0 errors, 1 left on base; New York 3 - Pocatello 3
BOTTOM OF THE 5TH
Pocatello Bellas batting - Pitching for New York Knights : RHP Sancho Mendoza
Batting: LHB Keng-chi Lao 0-0: Called Strike
0-1: Ball
1-1: Foul Ball, location: 2F
1-2: Ground out 5-3 (Groundball, 56)
Batting: RHB Francisco Ibarra 0-0: Ball
1-0: Fly out, F5 (Popup, 5SF)
Batting: LHB Keith Beard 0-0: Called Strike
0-1: Ball
1-1: Ball
2-1: Foul Ball, location: 2F
2-2: Foul Ball, location: 2F
2-2: Foul Ball, location: 2F
2-2: Ground out 4-3 (Groundball, 4M)
Bottom of the 5th over - 0 runs, 0 hits, 0 errors, 0 left on base; New York 3 - Pocatello 3
TOP OF THE 6TH
New York Knights batting - Pitching for Pocatello Bellas : RHP José Salinas
Pitching: RHP Martín Ramírez
Batting: RHB Pepe Carrasco 0-0: Foul Ball, location: 2F
0-1: Called Strike
0-2: Foul Ball, location: 2F
0-2: Ball
1-2: SINGLE (Groundball, 4MD)
Batting: RHB Lonnie Anderson 0-0: Ball
1-0: Ball
2-0: Ball
3-0: Called Strike
3-1: Called Strike
3-2: Strikes out swinging
Batting: RHB Vic Langlois 0-0: SINGLE (Groundball, 56D)
Pepe Carrasco to second
Batting: LHB Warren Potter 0-0: Ball
1-0: Foul Ball, location: 2F
1-1: Ball
2-1: Fly out, F9 (Flyball, 89D)
Runner from 2nd tags up, SAFE at 3rd, no throw
Batting: SHB Marvin Harris 0-0: Foul Ball, location: 2F
0-1: Ball
1-1: Ground out U3 (Groundball, 3)
Top of the 6th over - 0 runs, 2 hits, 0 errors, 2 left on base; New York 3 - Pocatello 3
BOTTOM OF THE 6TH
Pocatello Bellas batting - Pitching for New York Knights : RHP Sancho Mendoza
Batting: SHB Shane Hutchinson 0-0: Ball
1-0: Ball
2-0: Ball
3-0: Base on Balls
Batting: RHB Marlon Phipps 0-0: Ball
1-0: 2-RUN HOME RUN (Flyball, 8RXD), Distance : 455 ft
Pitching: RHP James Jones
Batting: RHB Tomás Carranza 0-0: Called Strike
0-1: Foul Ball, location: 2F
0-2: Ball
1-2: Ground out 6-3 (Groundball, 6)
Batting: SHB Nick Cox 0-0: Reached on error, E4 (Groundball, 4)
Batting: RHB José Delgado 0-0: Grounds into double play, 4-6-3 (Groundball, 4)
Bottom of the 6th over - 2 runs, 1 hit, 1 error, 0 left on base; New York 3 - Pocatello 5
TOP OF THE 7TH
New York Knights batting - Pitching for Pocatello Bellas : RHP Martín Ramírez
Batting: RHB Felipe Rodríguez 0-0: Ball
1-0: Called Strike
1-1: Called Strike
1-2: SINGLE (Groundball, 56D)
Batting: RHB Steve Sampson 0-0: Called Strike
0-1: Ball
1-1: Foul Ball, location: 2F
1-2: Ball
2-2: Strikes out swinging
Batting: RHB Jacob Pope 0-0: Swinging Strike
0-1: Ball
1-1: Ball
Wild Pitch!
Felipe Rodríguez to second
2-1: Foul Ball, location: 2F
2-2: Ball
3-2: Foul Ball, location: 2F
3-2: 2-RUN HOME RUN (Flyball, 9LD), Distance : 368 ft
Pitching: RHP Ramón Silva
Batting: LHB Mike Harris 0-0: Ball
1-0: Foul Ball, location: 2F
1-1: Called Strike
1-2: Strikes out looking
Batting: RHB Pepe Carrasco 0-0: Called Strike
0-1: Ball
1-1: Ball
2-1: Ball
3-1: Ground out 4-3 (Groundball, 4M)
Top of the 7th over - 2 runs, 2 hits, 0 errors, 0 left on base; New York 5 - Pocatello 5
BOTTOM OF THE 7TH
Pocatello Bellas batting - Pitching for New York Knights : RHP James Jones
Pinch Hitting: LHB Ray Bryant 0-0: Foul Ball, location: 2F
0-1: SINGLE (Line Drive, 8LS)
Batting: LHB Keng-chi Lao 0-0: Called Strike
0-1: Ball
1-1: 2-RUN HOME RUN (Flyball, 9LD), Distance : 388 ft
Pitching: RHP Steve Poe
Batting: RHB Francisco Ibarra 0-0: Ball
1-0: SINGLE (Groundball, 34D)
Batting: LHB Keith Beard 0-0: Bunted foul
0-1: Sac Bunt - play at first, batter OUT! 1-4
Francisco Ibarra to second
Batting: SHB Shane Hutchinson 0-0: Intentional Walk
Batting: RHB Marlon Phipps 0-0: Ball
1-0: Ball
2-0: Swinging Strike
2-1: Grounds into double play, 6-4-3 (Groundball, 6)
Bottom of the 7th over - 2 runs, 3 hits, 0 errors, 1 left on base; New York 5 - Pocatello 7
TOP OF THE 8TH
New York Knights batting - Pitching for Pocatello Bellas : RHP Ramón Silva
Now at 1B: Ray Bryant
Batting: RHB Lonnie Anderson 0-0: Ball
1-0: Called Strike
1-1: Foul Ball, location: 2F
1-2: Ball
2-2: Ball
3-2: Strikes out swinging
Batting: RHB Vic Langlois 0-0: Called Strike
0-1: Foul Ball, location: 2F
0-2: Ball
1-2: Ball
2-2: Ball
3-2: Strikes out looking
Batting: LHB Warren Potter 0-0: Fly out, F8 (Flyball, 8LD)
Top of the 8th over - 0 runs, 0 hits, 0 errors, 0 left on base; New York 5 - Pocatello 7
BOTTOM OF THE 8TH
Pocatello Bellas batting - Pitching for New York Knights : RHP Steve Poe
Batting: RHB Tomás Carranza 0-0: Called Strike
0-1: DOUBLE (Line Drive, 7LD)
Batting: SHB Nick Cox 0-0: Intentional Walk
Batting: RHB José Delgado 0-0: Ball
Tomás Carranza steals 3rd base
Nick Cox to second
1-0: Ball
2-0: Ball
3-0: Base on Balls
Batting: LHB Ray Bryant 0-0: Called Strike
0-1: Called Strike
0-2: Ball
1-2: Ball
2-2: Foul Ball, location: 2F
2-2: Ball
3-2: Base on Balls
Tomás Carranza scores
Nick Cox to third
José Delgado to second
Batting: LHB Keng-chi Lao 0-0: Ball
1-0: Foul Ball, location: 2F
1-1: Ball
2-1: Fly out, F9 (Flyball, 9D)
Runner from 3rd tags up, SCORES, no throw
José Delgado to third
Pitching: LHP Henny van der Lack
Batting: RHB Francisco Ibarra 0-0: Fly out, F8 (Line Drive, 8RXD)
Runner from 3rd tags up, SCORES, no throw
Batting: LHB Keith Beard 0-0: Ball
1-0: Ball
2-0: Ball
3-0: Called Strike
3-1: SINGLE (Groundball, 34D)
Ray Bryant to second
Runner from 2nd tries for 3rd, SAFE, no throw
Batting: SHB Shane Hutchinson 0-0: Swinging Strike
0-1: Foul Ball, location: 2F
0-2: Strikes out looking
Bottom of the 8th over - 3 runs, 2 hits, 0 errors, 2 left on base; New York 5 - Pocatello 10
TOP OF THE 9TH
New York Knights batting - Pitching for Pocatello Bellas : RHP Ramón Silva
Batting: SHB Marvin Harris 0-0: Fly out, F7 (Flyball, 78D)
Batting: RHB Felipe Rodríguez 0-0: Foul Ball, location: 2F
0-1: Swinging Strike
0-2: Strikes out swinging
Batting: RHB Steve Sampson 0-0: Ball
1-0: Ball
2-0: Ground out 5-3 (Groundball, 56S)
Top of the 9th over - 0 runs, 0 hits, 0 errors, 0 left on base; New York 5 - Pocatello 10
Saturday, December 16th, 2017 - OOTP Baseball 18.8 Build 76